 Dungeon Crawl Stone Soup version 0.30-a0-743-gbfdf073431 (webtiles) character file.

Game seed: 5368783830100667855

1322 bande the Chopper (level 8, -8/49 HPs)
             Began as a Gargoyle Fighter on Feb 7, 2023.
             Mangled by Pooter's ghost (17 damage)
             ... on level 5 of the Dungeon.
             The game lasted 00:08:30 (4392 turns).

bande the Chopper (Gargoyle Fighter)                Turns: 4392, Time: 00:08:31

Health: -8/49      AC: 17    Str: 20    XL:     8   Next: 59%
Magic:  8/8        EV:  9    Int:  9    God:
Gold:   267        SH:  5    Dex: 11    Spells: 7/7 levels left

rFire   . . .      SeeInvis .    a - +0 war axe
rCold   . . .      Faith    .    c - +0 buckler
rNeg    + . .      Spirit   .    b - +0 scale mail
rPois   ∞          Reflect  .    e - +0 helmet
rElec   +          Harm     .    s - +0 cloak
rCorr   .          Rampage  .    n - +0 pair of gloves
Will    .....                    (no boots) Stlth
                                 h - amulet of regeneration
HPRegen 1.08/turn                (no ring)
MPRegen 0.11/turn                (no ring)

@: mighty
A: sickness immunity, AC +5, negative energy resistance 1, electricity
resistance, torment resistance 1, petrification resistance
a: no special abilities


You were on level 5 of the Dungeon.
You visited 1 branch of the dungeon, and saw 5 of its levels.

You collected 267 gold pieces.

Inventory:

Hand Weapons
 a - a +0 war axe (weapon)
 f - a +2 flail of venom
Armour
 b - a +0 scale mail (worn)
 c - a +0 buckler (worn)
 e - a +0 helmet (worn)
 n - a +0 pair of gloves (worn)
 s - a +0 cloak (worn)
Jewellery
 h - an amulet of regeneration (around neck)
 j - a +6 ring of strength
 m - an amulet of magic regeneration
 r - a ring of flight
Scrolls
 o - 5 scrolls of identify
 u - a scroll of blinking
 v - a scroll of teleportation
Potions
 d - a potion of might
 g - a potion of curing
 i - a potion of mutation
 k - a potion of resistance {unknown}
 l - a potion of berserk rage {unknown}
 p - a potion of ambrosia {unknown}
 q - a potion of flight {unknown}
 t - a potion of invisibility {unknown}
 w - a potion of haste {unknown}


   Skills:
 + Level 5.2 Fighting
 + Level 6.9 Axes
 + Level 6.1 Armour
 + Level 5.2 Shields


You had 7 spell levels left.
You didn't know any spells.
Your spell library contained the following spells:

 Spells                   Type           Power      Damage    Failure   Level
 Freeze                   Ice            0%         1d3       80%         1
 Sting                    Tmut/Pois      0%         1d3       80%         1
 Blink                    Tloc           0%         N/A       91%         2
 Lesser Beckoning         Tloc           0%         N/A       91%         2
 Momentum Strike          Conj/Tloc      0%         3d8       91%         2
 Poisonous Vapours        Pois/Air       0%         N/A       91%         2
 Static Discharge         Conj/Air       0%         2-2/arc   91%         2
 Frozen Ramparts          Ice            0%         1d1       99%         3
 Gell's Gravitas          Tloc           0%         N/A       99%         3
 Hailstorm                Conj/Ice       0%         3d3       99%         3
 Teleport Other           Tloc           0%         N/A       99%         3
 Vhi's Electric Charge    Tloc/Air       0%         N/A       99%         3
 Olgreb's Toxic Radiance  Pois           0%         N/A       100%        4
 Arcjolt                  Conj/Air       0%         1d10      100%        5
 Lightning Bolt           Conj/Air       0%         1d11      100%        5
 Dispersal                Tloc           0%         N/A       100%        6


Dungeon Overview and Level Annotations

Branches:
Dungeon (5/15)
 Temple: D:4-7

Altars:
Sif Muna

Shops:
D:4 =

Annotations:
D:5 1 runed translucent door, Pooter's ghost, novice MiMo


Innate Abilities, Weirdness & Mutations

You are immune to sickness and miasma.
Your stone body is resilient. (AC +5)
You are immune to poison.
You resist negative energy. (rN+)
You are resistant to electric shocks. (rElec)
You are resistant to unholy torment.
You are immune to petrification.


Message History

Pooter's ghost is lightly damaged.
Pooter's ghost hits you!
You barely miss Pooter's ghost.
Pooter's ghost is lightly damaged.
Pooter's ghost hits you!
* * * LOW HITPOINT WARNING * * *
You barely miss Pooter's ghost.
Pooter's ghost is lightly damaged.
Pooter's ghost barely misses you.
You feel better.
Pooter's ghost hits you but does no damage.
You feel very mighty all of a sudden. Pooter's ghost hits you!
* * * LOW HITPOINT WARNING * * *
You feel better.
Pooter's ghost hits you but does no damage.
You hit Pooter's ghost.
Pooter's ghost is moderately damaged.
Pooter's ghost closely misses you.
Pooter's ghost yells, "Who would have thought, even in death it is a pleasure to sever!"
Pooter's ghost hits you!
* * * LOW HITPOINT WARNING * * *
Unknown command.
You slash Pooter's ghost!
Pooter's ghost is moderately damaged.
Pooter's ghost hits you but does no damage.
You hit Pooter's ghost but do no damage.
Pooter's ghost is moderately damaged.
Pooter's ghost completely misses you.
You hit Pooter's ghost but do no damage.
Pooter's ghost is moderately damaged.
Pooter's ghost hits you but does no damage.
You barely miss Pooter's ghost.
Pooter's ghost is moderately damaged.
Pooter's ghost hits you.
* * * LOW HITPOINT WARNING * * *
You hit Pooter's ghost but do no damage.
Pooter's ghost is moderately damaged.
Pooter's ghost hits you!
You die...

#..###)# #.# ##.#### ..###..##
#.# #..# .###....#####.# #.##
.# #.#.....##.##### #.# .#
#.#.###.s......#####.#
####.#.# ####.>.#.....#.#
#....###########[.......##
.....#~~w~~~~~w#.........##
#.#..+~~~~:~~~SW@.##......###
#.##.#~~~~~~~~S#.###....#<..##
..################
#....###..## .## #..#...# #.#
##..## ##..## .# ##...### #.##
#.## ##..## ## #..## #..####.#
##... # ###..# ##....[.# ###.
#####....# ####..## ##
..#...#.## #..#


You could see a worm, Pooter's ghost and 2 ball pythons.

Vanquished Creatures
  Pikel (D:5)
  A black bear (D:5)
  A lemure (D:5)
  A phantom (D:5)
  A necrophage (D:4)
  4 scorpions
  A howler monkey (D:5)
  2 jellies
  A hound (D:5)
  A gnoll bouda (D:5)
  3 iguanas
  Robin (D:2)
  5 adders
  5 gnolls (D:5)
  A shadow imp (D:5)
  2 white imps (D:5)
  An ufetubus (D:5)
  4 dart slugs
  An orc (D:2)
  5 endoplasms
  9 giant cockroaches
  13 goblins
  7 hobgoblins
  2 jackals (D:2)
  2 quokkas
  6 ball pythons
  8 bats
  2 frilled lizards (D:1)
  7 kobolds
  8 rats
106 creatures vanquished.

Notes
Turn   | Place    | Note
-------+----------+-------------------------------------------
     0 | D:1      | bande the Gargoyle Fighter began the quest for the Orb.
     0 | D:1      | Reached XP level 1. HP: 14/14 MP: 1/1
    32 | D:1      | You fall into a shaft and drop 1 floor!
   148 | D:2      | Reached XP level 2. HP: 17/19 MP: 2/2
   462 | D:1      | Reached XP level 3. HP: 23/23 MP: 3/3
   535 | D:1      | Found a faded altar of an unknown god.
   995 | D:1      | Reached XP level 4. HP: 26/28 MP: 4/4
  1282 | D:2      | Identified the +10 dagger of the Nexus {elec, rF+ Will-
                  | Dex+5}
  1423 | D:2      | Identified the +9 ring mail of the Vacuum {rC+}
  1482 | D:2      | Noticed Robin
  1489 | D:2      | Killed Robin
  1888 | D:3      | Reached XP level 5. HP: 33/33 MP: 5/5
  2537 | D:4      | Reached XP level 6. HP: 32/38 MP: 6/6
  3366 | D:4      | Found Beanoj's Jewellery Boutique.
  3435 | D:5      | Entered Level 5 of the Dungeon
  3499 | D:5      | Reached XP level 7. HP: 6/43 MP: 7/7
  3506 | D:5      | Reached skill level 5 in Axes
  3823 | D:5      | Reached skill level 5 in Armour
  3997 | D:5      | Found a shimmering blue altar of Sif Muna.
  4088 | D:5      | Reached XP level 8. HP: 44/48 MP: 8/8
  4153 | D:5      | Noticed Pikel
  4178 | D:5      | Killed Pikel
  4179 | D:5      | Reached skill level 5 in Fighting
  4179 | D:5      | Reached skill level 5 in Shields
  4214 | D:5      | Found a runed translucent door.
  4214 | D:5      | Noticed Pooter's ghost (novice MiMo)
  4267 | D:5      | Found a runed translucent door.
  4392 | D:5      | Mangled by Pooter's ghost

Illustrated notes

Levels and vault maps discovered:
D:1:      dpeg_arrival_arbitrary_b, layout_basic,
          chequers_ecumenical_altar_simple_redux, minmay_worlds_worst_comb
D:2:      layout_basic, st_stairs_1, kennysheep_donut, hangedman_glass_teeth,
          hex_large, uniq_robin
D:3:      layout_basic
D:4:      layout_basic, serial_shops, nicolae_lakefront_shop,
          small_statue_alley_b
D:5:      layout_rooms, lemuel_tele_altar, ebering_ghost_sewer_f, uniq_pikel

Skill      XL: |  1  2  3  4  5  6  7  8 |
---------------+-------------------------+-----
Armour         | 4 5 6 |  6.1
Axes           | 2 3 4 6 |  6.9
Shields        | 4 5 |  5.2
Fighting       | 4 5 |  5.2

Action                     |  1- 3 |  4- 6 |  7- 9 || total
---------------------------+-------+-------+-------++-------
  Melee: War axe           |   117 |   125 |   133 ||   375
    Use: Scroll            |       |     9 |     2 ||    11
         Potion            |       |       |     4 ||     4
 Armour: Scale mail        |    77 |    77 |   103 ||   257
  Dodge: Dodged            |    72 |    68 |    67 ||   207
  Block: Buckler           |    35 |    36 |    41 ||   112

Table legend: (Time is in decaauts)
 A = Elapsed time spent in this place.
 B = Non-inter-level travel time spent in this place.
 C = Inter-level travel time spent in this place.
 D = Time resting spent in this place.
 E = Time spent auto-exploring this place.
 F = Levels seen in this place.
 G = Mean time per level.
                   A        B        C        D        E       F      G
               +--------+--------+--------+--------+--------+-----+--------+
         Total |   4523 |   4467 |     56 |    494 |   2955 |   5 |  904.6 |
       Dungeon |   4523 |   4467 |     56 |    494 |   2955 |   5 |  904.6 |
               +--------+--------+--------+--------+--------+-----+--------+

Top non-repeatable levels by time:
     D:5: 1002 daAuts
     D:1: 960 daAuts
     D:4: 951 daAuts
     D:3: 843 daAuts
     D:2: 765 daAuts
